AoeStats
← KEX

Enclosed

503796771Analyzed
2v2 RM · 1mo ago on Sep 2, 2026· 49m 33s· 4 players
Game mode
Random Map
Map size
Medium (4 player)
Population
200
Speed
Normal
Resources
Standard
Victory
Conquest
Starting age
Dark Age
Ending age
Imperial Age
RankedLock teamsTeams togetherTeam positionsShared explorationLock speedFull tech treeHidden civsTurbo modeCheats
Victory
Defeat
🇻🇳 Huns · Vietnam
820
+22
🇵🇱 Japanese · Poland
673
+35
🇦🇺 Magyars · Australia
957
-25
🇦🇺 Ethiopians · Australia
955
-25
Wassss
7:27 Loom
11:21 Feudal Age
12:53 Wheelbarrow
12:05 Double-Bit Axe
13:14 Gold Mining
13:06 Horse Collar
16:44 Town Watch
22:40 Castle Age
20:34 Fletching
21:49 Padded Archer Armor
22:00 Forging
22:35 Stone Mining
23:40 Hand Cart
24:29 Bow Saw
24:24 Heavy Plow
24:55 Crossbowman
28:37 Ballistics
35:03 Imperial Age
34:03 Husbandry
34:10 Scale Barding Armor
34:42 Iron Casting
34:23 Leather Archer Armor
34:48 Murder Holes
35:33 Cavalier
38:54 Gold Shaft Mining
39:06 Paladin
43:07 Conscription
43:59 Blast Furnace
43:20 Chain Barding Armor
46:15 Plate Barding Armor
49:35 Leather Archer Armor
49:16 Bodkin Arrow
KEX
7:38 Loom
11:34 Feudal Age
13:55 Horse Collar
14:03 Double-Bit Axe
21:11 Castle Age
20:56 Gold Mining
20:56 Stone Mining
22:29 Gold Shaft Mining
27:17 Pikeman
27:58 Squires
27:43 Gambesons
27:43 Arson
32:25 Wheelbarrow
31:35 Town Watch
34:29 Heavy Plow
34:44 Bow Saw
37:30 Caravan
38:02 Coinage
37:54 Town Watch
Cookie Monster
9:10 Loom
9:26 Loom
12:41 Feudal Age
17:13 Castle Age
18:59 Double-Bit Axe
20:31 Corvinian Army
30:08 Scale Barding Armor
32:54 Fletching
38:25 Chain Barding Armor
38:01 Bodkin Arrow
38:55 Padded Archer Armor
46:39 Imperial Age
46:05 Leather Archer Armor
SHOOTthatSNAKE
4:51 Loom
11:19 Feudal Age
12:50 Double-Bit Axe
16:24 Castle Age
16:27 Scale Mail Armor
16:39 Forging
18:53 Iron Casting
18:36 Chain Mail Armor
21:55 Arson
22:18 Squires
31:02 Crossbowman
31:48 Thumb Ring
35:53 Bow Saw
43:30 Imperial Age
42:54 Elite Skirmisher
44:31 Arbalester
47:02 Chemistry
47:57 Murder Holes
48:14 Masonry
48:09 Siege Engineers
Connection lost

Rejoining the realm…

Still unreachable

The connection could not be restored.

Session expired

The server has moved on; the page needs a fresh start.